 Dungeon Sprint DCSS version 0.32-a0-39-g5c88369fb2 (webtiles) character file.

Game seed: 638869340908339636

25828 Conn the Devastator (level 13, -4/99 HPs)
             Began as an Octopode Fire Elementalist on Feb 5, 2024.
             Was the Champion of Sif Muna.
             Slain by an azure jelly (20 damage)
             ... in the Dungeon (Sprint III: "The Ten Rune Challenge").
             The game lasted 00:37:11 (5100 turns).

Conn the Devastator (Octopode Fire Elementalist)    Turns: 5100, Time: 00:37:13

Health: -4/99      AC:  1    Str: 12    XL:     13   Next: 22%
Magic:  37/39      EV: 15    Int: 27    God:    Sif Muna [******]
Gold:   2121       SH: 11    Dex: 11    Spells: 5/38 levels left

rFire   + . .        w - staff of conjuration
rCold   + . .        d - +1 kite shield {reflect}
rNeg    + . .        A - +0 hat
rPois   .            (no amulet)
rElec   .            k - ring "Ucygen" {rF+ rN+ MP+9}
rCorr   .            s - ring of Pride {rC+ Int+6}
SInv    .            t - ring of wizardry
Will    .....        (no ring)
Stlth   ++++         (no ring)
HPRegen 0.36/turn    (no ring)
MPRegen 0.26/turn    (no ring)
                     (no ring)

%: no teleportation, reflection, wizardry (x1)
@: on blink cooldown
A: almost no armour, amphibious, 8 rings, camouflage 1, gelatinous body 1,
(nimble swimmer 1), tentacles, robust 1, strong 1, wild magic 1
a: Renounce Religion, Channel Magic, Forget Spell, Divine Exegesis


You were in the Dungeon.
You worshipped Sif Muna.
Sif Muna was exalted by your worship.
You visited 1 branch You collected 2313 gold pieces.
You spent 192 gold pieces at shops.

Inventory:

Hand Weapons
 g - a +0 dagger
 n - a +3 long sword of holy wrath
 q - a +2 long sword of protection
Missiles
 z - 7 curare-tipped darts
Armour
 d - a +1 kite shield of reflection (worn)
 h - a +0 robe
 A - a +0 hat (worn)
Magical Staves
 w - a staff of conjuration (weapon)
 x - a staff of air
 y - a staff of alchemy
Jewellery
 k - the ring "Ucygen" (left tentacle) {rF+ rN+ MP+9}
   (You took it off a deep elf high priest in the Dungeon)

   [ring of magical power]

   rF+:       It protects you from fire.
   rN+:       It protects you from negative energy.
   MP+9:      It affects your magic capacity (+9).
 s - the ring of Pride (right tentacle) {rC+ Int+6}
   (You found it in the Dungeon)

   [ring of intelligence]

   Int+6:     It affects your intelligence (+6).
   rC+:       It protects you from cold.
 t - a ring of wizardry (on tentacle)
Wands
 e - a wand of flame (3)
 v - a wand of acid (5)
Scrolls
 f - a scroll of blinking
 j - a scroll of immolation
 l - a scroll of poison
 p - 2 scrolls of silence
 u - a scroll of amnesia
Potions
 a - 3 potions of magic
 b - 4 potions of curing
 c - 2 potions of heal wounds
 i - 3 potions of mutation
 m - 2 potions of enlightenment
 B - a potion of haste
Miscellaneous
 o - a phial of floods
 r - a condenser vane


   Skills:
 + Level 9.0 Fighting
 - Level 10.0 Dodging
 - Level 5.0 Stealth
 * Level 7.7 Shields
 - Level 0.6 Unarmed Combat
 * Level 13.4 Spellcasting
 + Level 16.0 Conjurations
 - Level 9.0 Hexes
 - Level 9.0 Translocations
 + Level 13.6 Fire Magic
 - Level 9.1 Air Magic
 + Level 12.3 Invocations


You had 5 spell levels left.
You knew the following spells:

 Your Spells              Type           Power      Damage    Failure   Level
a - Foxfire               Conj/Fire      100%       2x1d9     1%          1
b - Scorch                Fire           100%       2d9       1%          2
c - Inner Flame           Hex/Fire       80%        N/A       1%          3
d - Flame Wave            Conj/Fire      100%       2d21      1%          4
e - Iskenderun's Mystic   Conj/Tloc      100%       2d19      1%          4
f - Plasma Beam           Fire/Air       40%        2x1d54    8%          6
g - Blink                 Tloc           100%       N/A       1%          2
h - Hailstorm             Conj/Ice       88%        3d14      1%          3
i - Iskenderun's Battles  Conj           100%       2d15      1%          5
j - Mephitic Cloud        Conj/Alch/Air  89%        N/A       1%          3

Your spell library contained the following spells:

 Spells                   Type           Power      Damage    Failure   Level
 Kiss of Death            Conj/Necr      100%       2d13      1%          1
 Shock                    Conj/Air       100%       1d9       1%          1
 Slow                     Hex            100%       N/A       1%          1
 Sting                    Conj/Alch      100%       1d9       1%          1
 Ensorcelled Hibernation  Hex/Ice        100%       N/A       1%          2
 Lesser Beckoning         Tloc           100%       N/A       1%          2
 Searing Ray              Conj           100%       2d8       1%          2
 Static Discharge         Conj/Air       100%       3-8/arc   1%          2
 Dazzling Flash           Conj/Hex       100%       N/A       1%          3
 Gell's Gravitas          Tloc           72%        N/A       1%          3
 Sigil of Binding         Hex            72%        N/A       1%          3
 Stone Arrow              Conj/Erth      100%       3d13      1%          3
 Swiftness                Air            72%        N/A       1%          3
 Teleport Other           Tloc           72%        N/A       1%          3
 Tukima's Dance           Hex            72%        N/A       1%          3
 Volatile Blastmotes      Fire/Tloc      100%       2d18      1%          3
 Dimensional Bullseye     Hex/Tloc       36%        N/A       1%          4
 Manifold Assault         Tloc           72%        N/A       1%          4
 Arcjolt                  Conj/Air       53%        1d63      1%          5
 Fireball                 Conj/Fire      56%        3d22      1%          5
 Brom's Barrelling Bould  Conj/Erth      88%        2d10      2%          4
 Fulminant Prism          Conj/Alch      44%        3d19      2%          4
 Ignite Poison            Fire/Alch      63%        N/A       3%          4
 Summon Blazeheart Golem  Fire/Summ      63%        N/A       3%          4
 Freezing Cloud           Conj/Ice/Air   44%        6-21      4%          5
 Silence                  Hex/Air        36%        N/A       4%          5
 Freeze                   Ice            92%        1d9       5%          1
 Irradiate                Conj/Alch      44%        3d26      5%          5
 Summon Lightning Spire   Summ/Air       53%        N/A       9%          4
 Fugue of the Fallen      Necr           23%        N/A       14%         3
 Ozocubu's Armour         Ice            23%        N/A       14%         3
 Passwall                 Erth           23%        N/A       14%         3
 Summon Ice Beast         Ice/Summ       23%        N/A       14%         3
 Summon Mana Viper        Hex/Summ       53%        N/A       21%         5
 Animate Dead             Necr           23%        N/A       38%         4
 Dispel Undead            Necr           23%        3d12      38%         4
 Olgreb's Toxic Radiance  Alch           23%        N/A       38%         4
 Starburst                Conj/Fire      56%        6d15      2%          6
 Conjure Ball Lightning   Conj/Air       53%        3x3d18    4%          6
 Orb of Destruction       Conj           58%        9d14      6%          7
 Dispersal                Tloc           36%        N/A       17%         6
 Bombard                  Conj/Erth      44%        9d7       26%         6
 Spellforged Servitor     Conj/Summ      44%        N/A       75%         7
 Sculpt Simulacrum        Ice/Alch       11%        N/A       99%         6
 Discord                  Hex            36%        N/A       99%         8
 Ozocubu's Refrigeration  Ice            11%        4d10      100%        7
 Lehudib's Crystal Spear  Conj/Erth      44%        10d11     100%        8
 Chain Lightning          Conj/Air       53%        3d70      100%        9
 Animate Armour           Summ/Erth      Unusable   N/A       N/A         4

Dungeon Overview and Level Annotations

Branches:
Dungeon (1/1)

Altars:
Cheibriados
Dithmenos
Elyvilon
Fedhas
Gozag
Hepliaklqana
Kikubaaqudgha
Makhleb
Nemelex Xobeh
Okawaru
Qazlal
Ru
Sif Muna
Trog
Uskayaw
Vehumet
Wu Jian
Xom
Yredelemnul
Zin
The Shining One
Jiyva
Lugonu

Shops:
D !


Innate Abilities, Weirdness & Mutations

You cannot wear most types of armour.
You are amphibious.
You can wear up to eight rings at the same time.
Your skin changes colour to match your surroundings (Stealth+).
Your rubbery body absorbs attacks. (AC +1, EV +1)
((You are camouflaged when in or above water. (Stealth+)))
You have tentacles for arms and can constrict up to eight enemies at once.
You are robust. (+10% HP)
Your muscles are strong. (Str +4, Int/Dex -1)
Your spells are a little harder to cast, but a little more powerful.


Message History

Confirm with . or Enter, or press ? or * to list all spells.
Okay, then.
The azure jelly quivers.
You see here a black mamba corpse.
Things that are here:
a death yak corpse; a death yak corpse
Okay, then.
Casting: Foxfire (safe; 1% risk of failure)
Press: ? - help, Q - select action, (/) - cycle Dir - look around, f - activate
Okay, then.
Unknown command.
Search for what [Enter for "staff", or ? for help]? enchant Can't find anything matching that.
Unknown command.
Unknown command.
There is an open door here.
Things that are here:
a +1 great mace of protection; a +0 scale mail The azure jelly jiggles.
You open the door.
The azure jelly jiggles.
You block the azure jelly's attack. The azure jelly hits you.
The azure jelly freezes you! You resist. The azure jelly hits you!
The azure jelly hits you.
Unknown command.
Unknown command.
Casting: Foxfire (safe; 1% risk of failure)
Confirm with . or Enter, or press ? or * to list all spells.
You blink.
The azure jelly quivers. x2
The azure jelly hits you! The azure jelly freezes you! You resist.
The azure jelly hits you! The azure jelly freezes you! You resist.
The azure jelly hits you.
* * * LOW HITPOINT WARNING * * *
The azure jelly hits you.
* * * LOW HITPOINT WARNING * * *
The azure jelly hits you!
* * * LOW HITPOINT WARNING * * *
The azure jelly freezes you!! You resist.
You die...

▓...#.≈.~~§~~≈♣♣♣♣
▓..)#≈.≈~≈~.≈≈♣
▓##'####+#######♣
▓..§......).....♣♣
▓#'#############'♣
▓J..#~P.....†....♣
▓..J+~~..†########
▓JJ.#~~~.........P
▓@..#~~~~...PP....
#+#############+##


You could see 4 azure jellies.

Vanquished Creatures
  Rupert (D)
  A deep elf blademaster (D)
  Gastronok (D)
  Frances (D)
  Donald (D)
  2 deep elf demonologists (D)
  A deep elf death mage (D)
  A deep elf annihilator (D)
  2 dire elephants (D)
  A deep elf high priest (D)
  Erolcha (D)
  4 death yaks (D)
  2 orc high priests (D)
  A deep elf knight (D)
  2 deep elf pyromancers (D)
  4 deep elf zephyrmancers (D)
  2 elephants (D)
  2 black mambas (D)
  2 cane toads (D)
  A komodo dragon (D)
  A rime drake (D)
  3 wandering mushrooms (D)
  A queen bee (D)
  8 blink frogs (D)
  A shadow (D)
  2 redbacks (D)
  A spatial vortex (D)
  2 orc warriors (D)
  A swamp drake (D)
  5 two-headed ogres (D)
  A necrophage (D)
  A water elemental (D)
  32 killer bees (D)
  A jelly (D)
  An arcanist (D)
  Jessica (D)
  2 orc wizards (D)
  A necromancer (D)
  3 humans (D)
  A kobold demonologist (D)
  A phantom (D)
  11 orcs (D)
  An endoplasm (D)
  A kobold (D)
  2 rats (D)
118 creatures vanquished.

Vanquished Creatures (others)
  A hydra (D)
  A ballistomycete spore (D)
  404 foxfires (D)
406 creatures vanquished.

Grand Total: 524 creatures vanquished

Notes
Turn   | Place    | Note
-------+----------+-------------------------------------------
     0 | D        | Conn the Octopode Fire Elementalist began the quest for the
                  | Orb.
     0 | D        | Reached XP level 1. HP: 11/11 MP: 3/3
    70 | D        | Noticed Jessica
    74 | D        | Killed Jessica
    75 | D        | Reached skill level 5 in Fire Magic
    75 | D        | Reached XP level 2. HP: 17/17 MP: 0/6
    75 | D        | Reached XP level 3. HP: 21/21 MP: 0/7
   183 | D        | Learned a level 2 spell: Scorch
   187 | D        | Learned a level 3 spell: Inner Flame
   304 | D        | Noticed a water elemental
   308 | D        | Killed a water elemental
   309 | D        | Reached skill level 2 in Conjurations
   309 | D        | Reached XP level 4. HP: 27/27 MP: 3/10
   369 | D        | Found a radiant altar of Vehumet.
   369 | D        | Found a shimmering blue altar of Sif Muna.
   369 | D        | Found an ancient bone altar of Kikubaaqudgha.
   369 | D        | Noticed an arcanist
   371 | D        | Killed an arcanist
   372 | D        | Reached skill level 5 in Spellcasting
   372 | D        | Reached XP level 5. HP: 31/31 MP: 7/12
   381 | D        | Became a worshipper of Sif Muna the Loreminder
   387 | D        | Learned a level 4 spell: Flame Wave
   392 | D        | Learned a level 4 spell: Iskenderun's Mystic Blast
   448 | D        | Noticed a shadow
   449 | D        | Reached skill level 5 in Stealth
   449 | D        | Reached skill level 3 in Conjurations
   449 | D        | Reached skill level 1 in Hexes
   449 | D        | Reached skill level 1 in Invocations
   453 | D        | Killed a shadow
   454 | D        | Reached skill level 4 in Conjurations
   454 | D        | Reached XP level 6. HP: 36/36 MP: 1/14
   533 | D        | Found a blossoming altar of Fedhas.
   533 | D        | Found a stormy altar of Qazlal.
   533 | D        | Found a snail-covered altar of Cheibriados.
   533 | D        | Found a burning altar of Makhleb.
   533 | D        | Found a shimmering altar of Xom.
   534 | D        | Found a hazy altar of Hepliaklqana.
   534 | D        | Found an opulent altar of Gozag.
   534 | D        | Found a sparkling altar of Nemelex Xobeh.
   534 | D        | Found a corrupted altar of Lugonu.
   534 | D        | Found a viscous altar of Jiyva.
   534 | D        | Noticed a spatial vortex
   544 | D        | Found a basalt altar of Yredelemnul.
   544 | D        | Found a shadowy altar of Dithmenos.
   544 | D        | Found a sacrificial altar of Ru.
   550 | D        | Reached * piety under Sif Muna
   551 | D        | Reached skill level 5 in Dodging
   551 | D        | Reached skill level 5 in Conjurations
   626 | D        | Gained mutation: Your spells are a little harder to cast,
                  | but a little more powerful. [potion of mutation]
   626 | D        | Gained mutation: You have hidden genetic potential. [potion
                  | of mutation]
   629 | D        | Found a glowing silver altar of Zin.
   629 | D        | Found a glowing golden altar of the Shining One.
   629 | D        | Found a white marble altar of Elyvilon.
   631 | D        | Noticed a deep elf pyromancer
   637 | D        | Noticed a fire elemental
   637 | D        | Killed a deep elf pyromancer
   638 | D        | Reached skill level 7 in Conjurations
   638 | D        | Reached XP level 7. HP: 29/41 MP: 9/17
   638 | D        | Reached XP level 8. HP: 33/46 MP: 9/18
   656 | D        | Gained mutation: You are robust. (+10% HP) [hidden
                  | potential]
   716 | D        | Reached ** piety under Sif Muna
   717 | D        | Reached skill level 5 in Invocations
   772 | D        | Reached skill level 5 in Hexes
   817 | D        | Reached skill level 1 in Fighting
   986 | D        | Reached skill level 5 in Translocations
  1137 | D        | Reached *** piety under Sif Muna
  1137 | D        | Noticed an orc high priest
  1138 | D        | Reached skill level 8 in Conjurations
  1142 | D        | Killed an orc high priest
  1142 | D        | Reached **** piety under Sif Muna
  1143 | D        | Reached XP level 9. HP: 61/61 MP: 7/20
  1148 | D        | Gained mutation: Your muscles are strong. (Str +4, Int/Dex
                  | -1) [hidden potential]
  1148 | D        | Lost mutation: You have hidden genetic potential. [hidden
                  | potential expressed]
  1254 | D        | Reached ***** piety under Sif Muna
  1255 | D        | Reached skill level 9 in Conjurations
  1305 | D        | Received a gift from Sif Muna
  1306 | D        | Got Sif Muna's Textbook on Summoned Electrocution {god
                  | gift}
  1319 | D        | Learned a level 6 spell: Plasma Beam
  1413 | D        | Noticed an orc high priest
  1419 | D        | Killed an orc high priest
  1420 | D        | Reached skill level 10 in Fire Magic
  1504 | D        | Found Yniob's Distillery.
  1549 | D        | Bought 2 potions of invisibility for 192 gold pieces
  1553 | D        | Noticed a deep elf zephyrmancer
  1553 | D        | Noticed a deep elf zephyrmancer
  1553 | D        | Noticed a deep elf knight
  1553 | D        | Noticed a deep elf zephyrmancer
  1553 | D        | Noticed a deep elf zephyrmancer
  1563 | D        | Killed a deep elf zephyrmancer
  1568 | D        | Killed a deep elf zephyrmancer
  1569 | D        | Reached skill level 10 in Conjurations
  1569 | D        | Reached XP level 10. HP: 71/71 MP: 9/22
  1578 | D        | Killed a deep elf knight
  1578 | D        | Killed a deep elf zephyrmancer
  1578 | D        | Received a gift from Sif Muna
  1579 | D        | Reached skill level 5 in Fighting
  1579 | D        | Reached skill level 5 in Air Magic
  1582 | D        | Killed a deep elf zephyrmancer
  1585 | D        | Got Sif Muna's Spellbook of Shocking Angles {god gift}
  1589 | D        | Learned a level 2 spell: Blink
  1597 | D        | Noticed a deep elf annihilator
  1599 | D        | Noticed a deep elf death mage
  1602 | D        | Noticed a deep elf blademaster
  1602 | D        | Noticed a deep elf demonologist
  1608 | D        | Noticed a deep elf demonologist
  1708 | D        | Noticed a deep elf pyromancer
  1714 | D        | Killed a deep elf pyromancer
  1715 | D        | Reached skill level 11 in Conjurations
  2027 | D        | Identified the +8 broad axe "Didoas" {flame, rElec rF-
                  | SInv}
  2027 | D        | Identified the ring "Ucygen" {rF+ rN+ MP+9}
  2027 | D        | Noticed a deep elf high priest
  2043 | D        | Noticed a soul eater
  2221 | D        | Found a hide-covered altar of Uskayaw.
  2221 | D        | Found an iron altar of Okawaru.
  2221 | D        | Found a bloodstained altar of Trog.
  2221 | D        | Found an ornate altar of the Wu Jian Council.
  2369 | D        | Noticed a Hell Sentinel
  2371 | D        | Noticed a hellion
  2527 | D        | Learned a level 5 spell: Freezing Cloud
  2566 | D        | Killed a deep elf death mage
  2731 | D        | Killed a deep elf demonologist
  2732 | D        | Reached XP level 11. HP: 78/78 MP: 14/24
  2938 | D        | Noticed an Ice Fiend
  3112 | D        | Killed a deep elf high priest
  3113 | D        | Reached skill level 12 in Conjurations
  3114 | D        | Killed a deep elf demonologist
  3457 | D        | Killed a deep elf blademaster
  3461 | D        | Killed a deep elf annihilator
  3641 | D        | Identified the ring of Pride {rC+ Int+6}
  3649 | D        | Got Vustynk's Discourse on the Distorted Fifth Circle
  3649 | D        | Got the Writings on Vexatious Graupel
  3652 | D        | Identified the serpent talisman of Tiatrai {rN+ rCorr
                  | Dex-5}
  3718 | D        | Received a gift from Sif Muna
  3731 | D        | Noticed Erolcha
  3738 | D        | Reached skill level 10 in Spellcasting
  3738 | D        | Killed Erolcha
  3739 | D        | Reached skill level 10 in Dodging
  3739 | D        | Reached skill level 13 in Conjurations
  3838 | D        | Reached ****** piety under Sif Muna
  4007 | D        | Received a gift from Sif Muna
  4008 | D        | Reached skill level 10 in Invocations
  4010 | D        | Received a gift from Sif Muna
  4011 | D        | Received a gift from Sif Muna
  4014 | D        | Received a gift from Sif Muna
  4016 | D        | Reached XP level 12. HP: 78/85 MP: 14/26
  4023 | D        | Got Sif Muna's Handbook of Kinetic Energy {god gift}
  4023 | D        | Got Qaona's Discursus on the Tectonic Missiles {god gift}
  4035 | D        | Learned a level 5 spell: Iskenderun's Battlesphere
  4097 | D        | Learned a level 3 spell: Hailstorm
  4137 | D        | Noticed Donald
  4137 | D        | Noticed Frances
  4144 | D        | Killed Donald
  4145 | D        | Killed Frances
  4145 | D        | Received a gift from Sif Muna
  4146 | D        | Reached skill level 14 in Conjurations
  4146 | D        | Got Sif Muna's Vellum of the Barrage {god gift}
  4151 | D        | Learned a level 3 spell: Mephitic Cloud
  4222 | D        | Reached skill level 1 in Shields
  4383 | D        | Killed a seven-headed hydra
  4566 | D        | Received a gift from Sif Muna
  4576 | D        | Got Sif Muna's Spellbook of Fulgent Rallying {god gift}
  4622 | D        | Noticed a dire elephant
  4630 | D        | Killed a dire elephant
  4631 | D        | Noticed Gastronok
  4637 | D        | Killed Gastronok
  4637 | D        | Received a gift from Sif Muna
  4638 | D        | Reached skill level 5 in Shields
  4638 | D        | Reached skill level 15 in Conjurations
  4638 | D        | Noticed a dire elephant
  4647 | D        | Killed a dire elephant
  4657 | D        | Got Sif Muna's Advanced Steps in the Arcane Arts {god gift}
  4787 | D        | Noticed an azure jelly
  4788 | D        | Noticed an azure jelly
  4788 | D        | Noticed an azure jelly
  4790 | D        | Noticed an azure jelly
  4793 | D        | Noticed Rupert
  4801 | D        | Killed Rupert
  4910 | D        | Noticed a death yak
  4911 | D        | Noticed a death yak
  4912 | D        | Killed a death yak
  4912 | D        | Killed a death yak
  4912 | D        | Noticed a death yak
  4913 | D        | Reached XP level 13. HP: 97/97 MP: 28/30
  4920 | D        | Received a gift from Sif Muna
  4927 | D        | Reached skill level 16 in Conjurations
  4929 | D        | Got Sif Muna's Volume of the Iceberg and Glamour {god gift}
  5100 | D        | Slain by an azure jelly

Illustrated notes

Levels and vault maps discovered:
D:        dungeon_sprint_mu [sprint_mu_entry_cave, sprint_mu_temple_rooms,
          sprint_mu_d1_spiders, sprint_mu_d2_genie, sprint_mu_d3_branching,
          sprint_mu_orc_legion, sprint_mu_elf_gauntlet, sprint_mu_hive_nellie,
          sprint_mu_lair_fedhas, sprint_mu_vaults_butterflies,
          sprint_mu_slime_circle, sprint_mu_swamp_cave, sprint_mu_snake_twists,
          sprint_mu_blade_basic, sprint_mu_crypt_chambers,
          sprint_mu_tomb_spiral, sprint_mu_vestibule_basic,
          sprint_mu_gehenna_hellfire, sprint_mu_dis_giant,
          sprint_mu_tartarus_statrot, sprint_mu_cocytus_islands, sprint_mu_zot1]

Skill      XL: |  1  2  3  4  5  6  7  8  9 10 11 12 13 |
---------------+----------------------------------------+-----
Stealth        | 3 4 5 |  5.0
Spellcasting   | 3 4 5 6 7 8 9 10 13 | 13.4
Fire Magic     | 5 7 8 9 10 11 12 13 | 13.6
Dodging        | 3 4 6 7 8 9 10 | 10.0
Conjurations   | 2 4 7 8 10 11 13 15 16 | 16.0
Hexes          | 2 4 5 6 8 9 |  9.0
Invocations    | 2 4 6 7 8 10 12 | 12.3
Translocations | 2 4 5 6 7 9 |  9.0
Fighting       | 3 4 5 8 9 |  9.0
Air Magic      | 4 7 9 |  9.1
Shields        | 6 7 |  7.7
Unarmed Combat | |  0.6

Action                     |  1- 3 |  4- 6 |  7- 9 | 10-12 | 13-15 || total
---------------------------+-------+-------+-------+-------+-------++-------
  Melee: Unarmed           |     3 |       |       |       |       ||     3
         Tentacles         |     4 |     3 |     3 |       |       ||    10
         Dagger            |     4 |     4 |       |       |       ||     8
         Constrict         |     1 |       |     1 |       |       ||     2
         Long sword        |       |       |     6 |       |       ||     6
         Staff             |       |       |       |     1 |     1 ||     2
         Punch             |       |       |       |       |     1 ||     1
   Cast: Foxfire           |    12 |     9 |    55 |   159 |     2 ||   237
         Scorch            |     4 |     7 |    11 |    29 |     3 ||    54
         Inner Flame       |       |     3 |    16 |    40 |     2 ||    61
         Freezing Cloud    |       |       |       |     3 |       ||     3
         Flame Wave        |       |       |       |     9 |       ||     9
         Blink             |       |       |       |     2 |     1 ||     3
         Plasma Beam       |       |       |       |    21 |     2 ||    23
         Iskenderun's Myst |       |       |       |     4 |       ||     4
         Mephitic Cloud    |       |       |       |     3 |       ||     3
         Iskenderun's Batt |       |       |       |     3 |       ||     3
 Invoke: Channel Magic     |       |       |       |     4 |       ||     4
  Evoke: Wand              |       |       |     8 |     1 |       ||     9
         Phial of floods   |       |       |       |     3 |       ||     3
    Use: Potion            |       |     2 |     1 |     4 |       ||     7
         Scroll            |       |       |       |     5 |       ||     5
 Armour: Skin              |     6 |     4 |     6 |    21 |    10 ||    47
  Dodge: Dodged            |     7 |     2 |     9 |    27 |     1 ||    46
  Block: Kite shield       |       |       |       |       |     1 ||     1

Table legend: (Time is in decaauts)
 A = Elapsed time spent in this place.
 B = Non-inter-level travel time spent in this place.
 C = Inter-level travel time spent in this place.
 D = Time resting spent in this place.
 E = Time spent auto-exploring this place.
 F = Levels seen in this place.
 G = Mean time per level.
                   A        B        C        D        E       F      G
               +--------+--------+--------+--------+--------+-----+--------+
         Total |   5091 |   5017 |     74 |   3091 |     51 |   1 | 5091.0 |
       Dungeon |   5091 |   5017 |     74 |   3091 |     51 |   1 | 5091.0 |
               +--------+--------+--------+--------+--------+-----+--------+

Top non-repeatable levels by time:
       D: 5091 daAuts
